 Dungeon Crawl Stone Soup version 0.23.0-3-gf3c87f2df8 (webtiles) character file.

Game seed: 1074454120392116535

206 LLavrengius the Sneak (level 5, 0/36 HPs)
             Began as an Octopode Fighter on Feb 24, 2019.
             Slain by an adder (3 damage)
             ... on level 3 of the Dungeon.
             The game lasted 00:04:01 (1781 turns).

LLavrengius the Sneak (Octopode Fighter)            Turns: 1781, Time: 00:04:02

Health: 0/36       AC:  1    Str: 15    XL:     5   Next: 84%
Magic:  5/5        EV: 12    Int: 12    God:
Gold:   124        SH:  8    Dex: 11    Spells: 4/4 levels left

rFire    . . .     SeeInvis .   n - +2 dagger (elec)
rCold    . . .     Gourm    .   b - +0 shield
rNeg     . . .     Faith    .   (helmet restricted)
rPois    +         Spirit   .   (no amulet)
rElec    .         Reflect  .   e - +1 ring of evasion
rCorr    +         Harm     .   f - ring of resist corrosion
MR       .....                  g - ring of poison resistance
Stlth    ++++......             (no ring)
HPRegen  0.12/turn              (no ring)
MPRegen  0.09/turn              (no ring)
                                (no ring)
                                (no ring)

@: no status effects
A: almost no armour, stealthy swim, amphibious, 8 rings, constrict 8, camouflage
1, gelatinous body 1
a: no special abilities


You were on level 3 of the Dungeon.
You were not hungry.

You visited 1 branch of the dungeon, and saw 3 of its levels.

You collected 124 gold pieces.

Inventory:

Hand Weapons
 a - a +0 rapier
 n - a +2 dagger of electrocution (weapon)
Armour
 b - a +0 shield (worn)
Jewellery
 e - a +1 ring of evasion (left tentacle)
 f - a ring of resist corrosion (right tentacle)
 g - a ring of poison resistance (on tentacle)
Scrolls
 h - 6 scrolls of enchant armour {unknown}
 i - a scroll of identify {unknown}
 j - a scroll of enchant weapon {unknown}
 l - 4 scrolls of remove curse {unknown}
 m - a scroll of noise {unknown}
 p - a scroll of fog {unknown}
Potions
 c - a potion of might
 o - a potion of flight {unknown}
Comestibles
 d - 4 rations
 q - 5 chunks of flesh


   Skills:
 - Level 3.1 Fighting
 + Level 4.2 Short Blades
 - Level 3.1 Dodging
 - Level 5.0 Stealth
 - Level 3.1 Shields


You had 4 spell levels left.
You didn't know any spells.
Your spell library was empty.

Dungeon Overview and Level Annotations

Branches:
Dungeon (3/15)

Altars:


Innate Abilities, Weirdness & Mutations

You cannot wear most types of armour.
You are very stealthy in the water. (Stealth+)
You are amphibious.
You can wear up to eight rings at the same time.
You can use your tentacles to constrict eight enemies at once.
Your skin changes colour to match your surroundings (Stealth+).
Your rubbery body absorbs attacks. (AC +1, EV +1)


Message History

The quokka bites you. The goblin hits you with a +0 dagger.
You block the adder's attack.
You closely miss the adder. Your grab misses the adder. The quokka bites you.
The goblin hits you with a +0 dagger. The rat closely misses you.
The adder bites you.
* * * LOW HITPOINT WARNING * * *
Okay, then.
The rat barely misses you.
Found a scroll labeled RYIRAO NEOTAQ.
You block the adder's attack.
You hit the adder. Your grab misses the adder.
The adder is lightly wounded.
The adder bites you.
* * * LOW HITPOINT WARNING * * *
You closely miss the adder. Your grab misses the adder.
The adder is lightly wounded.
You block the adder's attack.
It was a potion of cancellation.
You feel magically purged. The adder bites you.
You die...

#.....###.# #...##.#
##.#.)).# ##..†###.#
#....# #.#######
#..#.###........
##.....>#........
#..#.##.#........
#.##.##@#†.......
##.##.##S#........
###..##.##rg........
###...###.###....)....
##.).### #.#
#....<.... #..### #..
.......... ##.########
#..........
#..###....#
#.#........
#....#...<#
#.........#


You could see an adder, a goblin and a rat.

Vanquished Creatures
  A centaur (D:3)
  3 adders
  2 oozes
  4 worms
  2 dart slugs (D:1)
  A leopard gecko (D:3)
  5 orcs
  6 bats
  6 giant cockroaches
  8 goblins
  11 hobgoblins
  3 jackals (D:1)
  4 kobolds
  2 quokkas (D:2)
  4 frilled lizards
  4 rats
66 creatures vanquished.

Notes
Turn   | Place    | Note
-------+----------+-------------------------------------------
     0 | D:1      | LLavrengius the Octopode Fighter began the quest for the
                  | Orb.
     0 | D:1      | Reached XP level 1. HP: 16/16 MP: 1/1
    88 | D:1      | Reached skill level 1 in Stealth
    88 | D:1      | Reached XP level 2. HP: 18/21 MP: 2/2
   179 | D:1      | Reached skill level 2 in Stealth
   179 | D:1      | Reached XP level 3. HP: 19/26 MP: 3/3
  1020 | D:2      | Reached skill level 3 in Stealth
  1023 | D:2      | Reached XP level 4. HP: 28/31 MP: 4/4
  1734 | D:3      | Noticed a centaur
  1737 | D:3      | Killed a centaur
  1737 | D:3      | Reached skill level 4 in Stealth
  1737 | D:3      | Reached XP level 5. HP: 35/36 MP: 5/5
  1759 | D:3      | Reached skill level 5 in Stealth
  1781 | D:3      | Slain by an adder

Skill      XL: |  1  2  3  4  5 |
---------------+----------------+-----
Stealth        | 1 2 3 4 5 |  5.0
Short Blades   | 3 4 |  4.2
Fighting       | |  3.1
Dodging        | |  3.1
Shields        | |  3.1

Action                   |  1- 3 |  4- 6 || total
-------------------------+-------+-------++-------
Melee: Rapier            |    82 |     5 ||    87
       Tentacles         |    14 |     7 ||    21
       Constrict         |    21 |     7 ||    28
       Dagger            |       |    36 ||    36
  Use: Potion            |       |     1 ||     1
 Stab: Sleeping          |     4 |     5 ||     9
  Eat: Chunk             |       |     3 ||     3
Armor: Skin              |    10 |     1 ||    11
Dodge: Dodged            |    46 |    15 ||    61
Block: Shield            |    42 |    11 ||    53
